Cogmind - Beta 10.2 @@@ ROGUE MODE // 2020.11.02 @ 21:44:07 // Halloween2020/ForbiddenLore Player: blelm Result: Self-destructed Performance ------------- Evolutions (1) 500 Regions Visited (4) 800 Robots Destroyed (67) 335 Value Destroyed (1480) 1480 Prototype IDs (3) 60 Alien Tech Used (0) 0 Bonus (19) 19 TOTAL SCORE: 3194 Bonus ------- High Alert Combat Kills 19 Cogmind --------- Core Integrity 263/400 Matter 280/300 Energy 265/265 System Corruption 0% Temperature Cool (171) Movement Treading (190) Ox1 Location -9/Storage Parts ------- > --- POWER (1) -------- Improved Ion Engine > --- PROPULSION (3) --- Armored Treads Armored Treads Armored Treads > --- UTILITY (3) ------ High-capacity Storage Unit High-capacity Storage Unit > --- WEAPON (2) ------- Advanced Beam Cannon Improved Assault Rifle > --- INVENTORY (20) --- Light Ion Engine Light Treads Light Treads Light Treads Light Treads Armored Treads Large Storage Unit Large Storage Unit High-capacity Matter Pod (200) Light Armor Plating EM Shotgun EM Shotgun Advanced Beam Cannon Light Assault Rifle Heavy Assault Rifle Mini Grenade Launcher Precision Rocket Launcher Precision Rocket Launcher Datajack Great Maul Peak State ------------ > --- POWER ------------ Improved Ion Engine > --- PROPULSION ------- Armored Treads Armored Treads Armored Treads > --- UTILITY ---------- High-capacity Storage Unit High-capacity Storage Unit Medium Armor Plating > --- WEAPON ----------- Advanced Beam Cannon Precision Rocket Launcher > --- INVENTORY -------- Light Ion Engine Light Treads Light Treads Light Treads Light Treads Armored Treads Large Storage Unit Large Storage Unit High-capacity Matter Pod Light Armor Plating EM Shotgun EM Shotgun Advanced Beam Cannon Light Assault Rifle Heavy Assault Rifle Rocket Launcher Mini Grenade Launcher Mini Grenade Launcher Datajack Great Maul [Rating: 27] Favorites ----------- Power Ion Engine Engine Ion Engine Propulsion Light Treads Treads Light Treads Leg Aluminum Leg Wheel Compact Wheel Utility High-capacity Storage Unit Storage High-capacity Storage Unit Protection Light Armor Plating Weapon Assault Rifle Energy Gun EM Shotgun Energy Cannon Beam Cannon Ballistic Gun Assault Rifle Ballistic Cannon Light Cannon Launcher Rocket Launcher Impact Weapon Great Maul Build | -11 -10 -10 -9 -9 ------- Run | Scr Mat Min Mat Sto Slots Evolved 2 | . . . 2 . Power . | . . . . . Propulsion 1 | . . . 1 . Utility 1 | . . . 1 . Weapon . | . . . . . Parts Attached 41 | 2 8 4 22 5 Power 2 | . 1 . 1 . Engine 2 | . 1 . 1 . Core . | . . . . . Reactor . | . . . . . Propulsion 7 | 2 1 . 4 . Treads 6 | 1 1 . 4 . Leg . | . . . . . Wheel 1 | 1 . . . . Hover . | . . . . . Flight . | . . . . . Utility 9 | . 4 . 4 1 Device . | . . . . . Storage 4 | . 4 . . . Processor . | . . . . . Hackware . | . . . . . Protection 5 | . . . 4 1 Artifact . | . . . . . Weapon 23 | . 2 4 13 4 Energy Gun 2 | . . . 2 . Energy Cannon 5 | . 1 1 2 1 Ballistic Gun 8 | . 1 1 5 1 Ballistic Cannon 3 | . . 2 1 . Launcher 3 | . . . 2 1 Special Weapon . | . . . . . Impact Weapon 2 | . . . 1 1 Slashing Weapon . | . . . . . Piercing Weapon . | . . . . . Special Melee Weapon . | . . . . . Unidentified Prototypes 3 | . . . 2 1 Parts Lost 8 | . 1 2 4 1 Power 1 | . 1 . . . Propulsion . | . . . . . Utility 3 | . . . 2 1 Weapon 4 | . . 2 2 . Highest Loss Streak 2 | . 1 1 2 1 Average Slot Usage (%) 98 | . 95 100 99 99 Engine 12 | . 13 14 11 11 Treads 29 | . 24 28 33 33 Storage 24 | . 24 28 22 22 Protection 4 | . . . 10 10 Energy Cannon 6 | . 8 5 3 9 Ballistic Gun 15 | . 19 14 15 10 Ballistic Cannon 2 | . . 8 . . Naked Turns . | . . . . . Heaviest Build 85 | 10 74 74 84 85 Greatest Support 60 | 16 40 40 60 60 Greatest Overweight (x) 1 | . 1 1 1 1 Average Overweight (x) . | . . 1 1 1 Largest Inventory Capacity 20 | 6 20 20 20 20 Average Capacity 17 | 6 10 20 20 20 Most Carried 20 | 6 11 13 20 20 Average Carried 13 | 4 7 11 17 19 Final Capacity 20 | 6 20 20 20 20 Final Carried 20 | 4 11 13 20 20 Class Distribution -------------------- 77% | Hauler-Mutant 22% | Mutant Dominant Class ---------------- Mutant | -10/Materials Hauler-Mutant | -10/Mines Hauler-Mutant | -9/Materials Hauler-Mutant | -9/Storage Resources | -11 -10 -10 -9 -9 ----------- Run | Scr Mat Min Mat Sto Matter Collected 1590 | 232 357 337 577 87 Remotely . | . . . . . Salvage Created 2060 | 58 620 184 869 329 Parts 142 | 2 52 10 58 20 Haulers Intercepted 6 | . 2 . 3 1 Recyclers Shooed 3 | 1 2 . . . Parts Field Recycled . | . . . . . Retrieved Matter . | . . . . . Parts Self-Destructed . | . . . . . Prevented . | . . . . . Kills | -11 -10 -10 -9 -9 ------- Run | Scr Mat Min Mat Sto Combat Hostiles Destroyed 46 | . 12 7 20 7 Melee 2 | . . . . 2 Guns 22 | . 11 3 7 1 Cannons 15 | . 1 4 6 4 AOE 5 | . . . 5 . Classes Destroyed 9 | 1 5 . 3 . Worker 2 | . . . 1 1 Builder 1 | . . . 1 . Hauler 6 | . 2 . 3 1 Recycler 3 | 1 2 . . . Operator 3 | . 2 . 1 . Watcher 6 | . 3 . 3 . Swarmer 19 | . 7 3 6 3 Grunt 18 | . 5 4 9 . Sentry 9 | . . . 5 4 Best Kill Streak 8 | 1 3 2 8 5 Combat Bots Only 7 | . 3 2 7 3 Max Kills in Single Turn 2 | 1 2 1 2 1 Gunslinging . | . . . . . Exploded 2 | . . . 2 . Melee 1 | . . . . 1 Uniques/NPCs Destroyed . | . . . . . Combat | -11 -10 -10 -9 -9 -------- Run | Scr Mat Min Mat Sto Damage Taken 2586 | . 541 274 1132 639 Core 237 | . 65 35 76 61 Absorbed by Shields . | . . . . . Core Remaining (%) 80 | 100 . 60 . . Volleys Fired 167 | 3 66 23 59 16 Largest 2 | 2 2 2 2 2 Hottest 91 | 40 80 80 91 91 Shots Fired 328 | 6 132 46 112 32 Gun 231 | 6 111 23 75 16 Cannon 91 | . 21 23 31 16 Launcher 6 | . . . 6 . Special . | . . . . . Kinetic 222 | 6 111 35 54 16 Thermal 76 | . 21 11 28 16 Explosive 6 | . . . 6 . Electromagnetic 24 | . . . 24 . Robot Hit Streak 24 | 6 16 8 11 24 Robot Miss Streak 4 | . 4 4 3 1 Penetration Max . | . . . . . Secondary Targets . | . . . . . Shots Hit Robots 229 | 6 72 31 83 37 Core Hits 98 | 2 31 13 42 10 Critical Hits 1 | . . . . 1 Critical Kills . | . . . . . Critical Parts Destroyed 1 | . . . . 1 Melee Attacks 21 | . . . 5 16 Impact 21 | . . . 5 16 Slashing . | . . . . . Piercing . | . . . . . Sneak Attacks 1 | . . . . 1 Combat Hostiles . | . . . . . Follow-up Attacks . | . . . . . Damage Inflicted 4096 | 59 874 503 1815 845 Guns 1891 | 59 708 218 667 239 Cannons 1178 | . 159 284 427 308 Explosions 516 | . . . 516 . Melee 451 | . . . 153 298 Ramming 60 | . 7 1 52 . Kinetic 1899 | 59 708 411 482 239 Thermal 943 | . 159 91 385 308 Explosive 516 | . . . 516 . Electromagnetic 227 | . . . 227 . Impact 451 | . . . 153 298 Slashing . | . . . . . Piercing . | . . . . . Highest Corruption . | . . . . . Average Corruption . | . . . . . Corruption Purged . | . . . . . Overload Shots . | . . . . . Overflow Damage 168 | . . . 57 111 Projectiles . | . . . . . Explosions 34 | . . . 34 . Melee 134 | . . . 23 111 Knockbacks 3 | . . 3 . . Impact . | . . . . . Kinetic 3 | . . 3 . . Secondary . | . . . . . Self-Inflicted Damage 2 | . 2 . . . Shots . | . . . . . Rammed 9 | . 3 1 5 . Targets Rammed 10 | . 4 1 5 . Kicked . | . . . . . Crushed 1 | . 1 . . . Highest Temperature 371 | . 204 108 371 201 Average Temperature 77 | . 54 34 96 84 Received Heat Transfer 762 | . 114 96 417 135 Effects 1 | . . . 1 . Energy Bleed 1 | . . . 1 . Siege Activations . | . . . . . Robots Corrupted . | . . . . . Combat Hostiles . | . . . . . Parts Fried 4 | . . . 4 . Impact Corruptions 6 | . . . 3 3 Robots Melted . | . . . . . Combat Hostiles . | . . . . . Parts Melted 3 | . . . . 3 Heat Transferred 1813 | . 333 185 740 555 Parts Sabotaged . | . . . . . Parts Stolen . | . . . . . Parts Stripped . | . . . . . Power Chain Reactions . | . . . . . Missiles Intercepted . | . . . . . Alert | -11 -10 -10 -9 -9 ------- Run | Scr Mat Min Mat Sto Peak Influence 435 | 5 255 147 435 345 Initial 183 | . 3 22 . 183 Average 113 | 2 114 35 135 256 Maximum Alert Level 2 | . 1 . 2 1 Low Security (%) 77 | 100 86 100 66 26 Level 1 19 | . 13 . 25 73 Level 2 2 | . . . 7 . Level 3 . | . . . . . Level 4 . | . . . . . Level 5 . | . . . . . High Security . | . . . . . Max Security . | . . . . . Squads Dispatched 4 | . 3 . . 1 Investigation 1 | . 1 . . . Extermination . | . . . . . Reinforcement 3 | . 2 . . 1 Assault . | . . . . . Garrison . | . . . . . Intercept . | . . . . . Construction Impeded . | . . . . . Haulers Reinforced . | . . . . . Stealth | -11 -10 -10 -9 -9 --------- Run | Scr Mat Min Mat Sto Distress Signals 4 | . 1 . 2 1 Communications Jammed . | . . . . . Distress Signals . | . . . . . Times Spotted 69 | . 29 8 24 8 Peak Tracking Total 7 | . 4 3 7 3 Tactical Retreats 5 | . 3 1 1 . Traps | -11 -10 -10 -9 -9 ------- Run | Scr Mat Min Mat Sto Traps Triggered 2 | . 1 . . 1 Indirectly . | . . . . . Trap Hack Attempts . | . . . . . Triggered . | . . . . . Disarmed . | . . . . . Reprogrammed . | . . . . . Reused . | . . . . . Traps Extracted . | . . . . . Installed . | . . . . . Triggered . | . . . . . Machines | -11 -10 -10 -9 -9 ---------- Run | Scr Mat Min Mat Sto Machines Disabled 4 | . 2 . 1 1 Max in Single Turn 1 | . 1 . 1 1 Machines Sabotaged . | . . . . . Garrisons Compromised . | . . . . . Overloaded Fab Kills . | . . . . . Fab Network Shutdowns . | . . . . . Hacking | -11 -10 -10 -9 -9 --------- Run | Scr Mat Min Mat Sto Machines Accessed 17 | . 9 2 3 3 Terminals 13 | . 7 2 1 3 Fabricators . | . . . . . Repair Stations . | . . . . . Recycling Units 4 | . 2 . 2 . Scanalyzers . | . . . . . Garrison Access . | . . . . . Total Hacks 40 | . 22 3 6 9 Successful 12 | . 5 . 3 4 Failed 28 | . 17 3 3 5 Catastrophic 3 | . 1 . 1 1 Database Lockouts . | . . . . . Manual 25 | . 12 3 2 8 Terminals 33 | . 18 3 3 9 Fabricators . | . . . . . Repair Stations . | . . . . . Recycling Units 7 | . 4 . 3 . Scanalyzers . | . . . . . Garrison Access . | . . . . . Terminal Hacks 6 | . 4 . 1 1 Robot Analysis 2 | . 2 . . . Open Door 1 | . . . . 1 Branch Access Points 1 | . 1 . . . Unreport Threat 1 | . 1 . . . Locate Traps 1 | . . . 1 . Fabricator Hacks . | . . . . . Repair Station Hacks . | . . . . . Recycling Unit Hacks 3 | . 1 . 2 . Retrieve Components 3 | . 1 . 2 . Scanalyzer . | . . . . . Garrison Access Hacks . | . . . . . Unauthorized Hacks 3 | . . . . 3 Terminals 3 | . . . . 3 Track 1 | . . . . 1 Botnet 1 | . . . . 1 Operators 1 | . . . . 1 Fabricators . | . . . . . Repair Stations . | . . . . . Recycling Units . | . . . . . Scanalyzers . | . . . . . Garrison Access . | . . . . . Data Cores Recovered 1 | . . . 1 . Used 1 | . . . 1 . Hacking Detections 16 | . 9 2 3 2 Full Trace Events 1 | . . . . 1 Feedback Events . | . . . . . Feedback Blocked . | . . . . . Robot Schematics Acquired . | . . . . . Robots Built . | . . . . . Matter . | . . . . . Time . | . . . . . Total Robot Build Rating . | . . . . . Part Schematics Acquired . | . . . . . Parts Built . | . . . . . Matter . | . . . . . Time . | . . . . . Total Part Build Rating . | . . . . . Parts Repaired . | . . . . . Time . | . . . . . Parts Recycled . | . . . . . Recycled Matter . | . . . . . Retrieved Matter . | . . . . . Retrieved Components 12 | . 9 . 3 . Parts Scanalyzed . | . . . . . Part Schematics Acquired . | . . . . . Parts Damaged . | . . . . . Bothacking | -11 -10 -10 -9 -9 ------------ Run | Scr Mat Min Mat Sto Used RIF Installer . | . . . . . Robots Hacked . | . . . . . Non-combat . | . . . . . Combat . | . . . . . Robot Hacks Applied . | . . . . . Relay Couplers Released . | . . . . . Robots Rewired . | . . . . . Allies Hacked . | . . . . . Hacks Repelled . | . . . . . Allies | -11 -10 -10 -9 -9 -------- Run | Scr Mat Min Mat Sto Total Allies 1 | . . 1 . . Largest Group 1 | . . 1 . . Highest-Rated Group 31 | . . 31 . . Highest-Rated Ally 31 | . . 31 . . Total Orders . | . . . . . Ally Attacks . | . . . . . Total Damage . | . . . . . Kills . | . . . . . Allies Corrupted . | . . . . . Allies Melted . | . . . . . Intel | -11 -10 -10 -9 -9 ------- Run | Scr Mat Min Mat Sto Robot Analysis Total 2 | . 2 . . . Derelict Logs Recovered 2 | . . 2 . . Drone Launches . | . . . . . Drone Recoveries . | . . . . . Exploration | -11 -10 -10 -9 -9 ------------- Run | Scr Mat Min Mat Sto Turns Passed 3994 | 21 1186 1179 1144 464 Spaces Moved 1870 | 10 612 607 460 181 Core . | . . . . . Treads 1707 | . 459 607 460 181 Legs . | . . . . . Wheels 163 | 10 153 . . . Hover . | . . . . . Flight . | . . . . . Fastest Speed 100 | 100 100 180 180 190 Average Speed 172 | 100 149 180 187 190 Slowest Speed 190 | 100 180 180 190 190 Overloaded Moves . | . . . . . Propulsion Burnouts . | . . . . . Robots Hopped . | . . . . . Cave-ins Triggered . | . . . . . Exploration Rate (%) 51 | 2 99 97 40 21 Regions Visited 4 Branch Regions 2 Pre-discovered Areas . | . . . . . Known Exits Taken 3 | . 1 1 1 . Unknown Exits Taken 1 | 1 . . . . Scrap Searched 2 | . . 2 . . Spaces Dug . | . . . . . Terrain Destroyed 53 | . . . 53 . Melee . | . . . . . Projectile . | . . . . . AOE 53 | . . . 53 . Terrain Rammed . | . . . . . Walls Destroyed . | . . . . . Machines Disabled . | . . . . . Actions | -11 -10 -10 -9 -9 --------- Run | Scr Mat Min Mat Sto Total 2276 | 16 755 646 620 239 Wait 106 | . 47 8 39 12 Move 1866 | 9 611 606 459 181 Hop . | . . . . . Pick Up 35 | . 11 4 17 3 Fast Attach 8 | . 3 . 4 1 Attach 10 | 1 1 2 5 1 Detach 3 | . . . 2 1 Swap 23 | 1 4 2 13 3 Drop 27 | 2 8 . 12 5 Fire 167 | 3 66 23 59 16 Melee 21 | . . . 5 16 Ram 1 | . 1 . . . Kick . | . . . . . Crush 9 | . 3 1 5 . Escape Stasis . | . . . . . Rewire . | . . . . . Trap . | . . . . . Miscellaneous . | . . . . . Route ------- -11/Scrapyard -10/Materials (discovered 4 exits: *Mat x3 / *Min) -10/Mines (discovered 2 exits: *Mat x2) -9/Materials -9/Storage History --------- Turn | Location | Event 5 | -11/Scrapyard | Discovered new exit (range 3) 22 | -11/Scrapyard | Entered Materials 261 | -10/Materials | Discovered new exit (range 13) 274 | -10/Materials | Identified exit to Mines 334 | -10/Materials | Build established: Mutant 587 | -10/Materials | Discovered new exit (range 11) 774 | -10/Materials | Discovered new exit (range 13) 1080 | -10/Materials | Discovered new exit (range 8) 1208 | -10/Materials | Entered Mines 1211 | -10/Mines | Build established: Hauler-Mutant 1237 | -10/Mines | Met a Derelict bent on vengeance 1443 | -10/Mines | Discovered new exit (range 5) 1531 | -10/Mines | Identified exit to Materials 1926 | -10/Mines | Received a Rocket Launcher from a helpful Derelict 1974 | -10/Mines | Received a Mining Laser from a helpful Derelict 2387 | -10/Mines | Entered Materials 2387 | -9/Materials | Evolved 2 slots: Propulsion x1, Utility x1 2388 | -9/Materials | Identified exit to Storage 3260 | -9/Materials | Destroyed 7 combat bots 3531 | -9/Materials | Entered Storage 3995 | -9/Storage | Self-destructed Last Messages --------------- 03935_ S-10 Pest destroyed. 03935_ K-01 Serf collects debris. 03941_ Sneak attack on K-01 Serf. 03941_ Destroyed Sml. Matter Pod. 03941_ Destroyed Wheel. 03941_ K-01 Serf system corrupted by crushing effect. 03942_ K-01 Serf system terminally corrupted. 03942_ K-01 Serf collects debris. 03944_ Acquired 10 matter. 03945_ K-01 Serf collects debris. 03960_ S-10 Pest destroyed. 03974_ K-01 Serf collects debris. 03980_ S-10 Pest destroyed. 03987_ K-01 Serf collects debris. 03988_ Med. Armor Plating destroyed. 03989_ Y-45 Defender destroyed. 03989_ R-06 Scavenger collects Heat Sink. 03990_ K-01 Serf collects debris. 03992_ R-06 Scavenger collects Flight Unit. 03993_ K-01 Serf collects debris. Map ----- +----------------------------------------------------+ | ?????????????????????????????????????????????????? | | ?????????????????????????????????????????????????? | | ?????????????????????????????????????????????????? | | ?????????????????????????????????????????????????? | | ?????????????????????????????????????????????????? | | ?????????????????????????????????????????????????? | | ?????????????????????????????????????????????????? | | ?????????????????????????????????????????????????? | | ?????????????????????????????????????????????????? | | ?????????????????????????????????????????????????? | | ?????????????????????????????????????????????????? | | ?????????????????????????????????????????????????? | | ?????????????????????????????????????????????????? | | ?????????????????????????????????????????????????? | | ?????????????????????????????????????????????????? | | ?????????????????????????????????????????????????? | | ?????????????????????????????????????????????????? | | ?????????????????????????????????????????????????? | | ?????????????????????????????????????????????????? | | ????????????????????o????????????????????????????? | | ?????????????????????????????????????????????????? | | ?????????????????## ?????????????????????????????? | | ???????????####### ?#???????????????????#######? | | ???????????? r# """"""??#?????????#"""""#? | | ????????????????? s%"!!/!"? #????????##""T""## | | ??????????????????????#*%@k![" #????????# | | ??????????????????????#["""%"" #????????# | | ????????????????#######= #????????# == | | ????????????????# #######/####????????# == | | ????????????????# #?????# #???????????# == | | ????????????????# #?????# #???????????# | | ????????????????# #?????# #???????????# | | ????????????????# ####### ####????????# * ! | | ????????????????# + ##############+### | | ????????????????# ######### %!! [% | | ????????????????# #???????# ! | | ????????????????######???????# !! | | ?????????????????????????????# ###+##+ | | ####?????????????????????????# ## | | ] #?????#####????#####??????# ############ | | ]] ####### ###### ######## #??????????# | | ] / !%=*% #??????????# | | ########## ###### ############??????????# """ | | ?????????#####????#####?????????????????????# """ | | ????????????????????????????????????????????# """ | | ????????????????????????????????????????????# | | ????????????????????????????????????????????###### | | | | | | | +----------------------------------------------------+ Best States ------------- Heat Dissipation 28 Energy Generation 12 Energy Capacity 265 Matter Stores 300 Matter Capacity 300 Sight Range 16 Terrain Scan Density 10 Armor Coverage 225 Evasion (%) 40 Recoil Reduction 3 Item Schematics ----------------- None Robot Schematics ------------------ None Fabricated ------------ Nothing Alien Tech Used ----------------- None Achievements -------------- None Challenges ------------ None Game ------ Seed ArmageddonMachineCompressor Manual? 0 Play Time 00:25:43 Cumulative 41.7 hours Start 2020.11.02 @ 21:18:11 End 2020.11.02 @ 21:44:07 Sessions 1 Manual Loads 0 Difficulty Rogue Special Mode Halloween2020/ForbiddenLore Game No. 29 Rogue 29 Adventurer 0 Explorer 0 Win Type - Total 0 Types 0/0/0/0/0/0/0/0/0 Lore% 21 Gallery% 27 Achievement% 22 Wizard Run 0 Options --------- ASCII 1 Keyboard 1 Movement Vi Keybinds 0 Fullscreen 1 Font 16/Terminus Map View 75x55 Tactical HUD 1 Map Filters NONE Filters NONE Steam 1 RUN: 4d52a6d3-4a0c-45de-975f-285a0dc3da07